AoeStats
← MIG

Black Forest

504156111Analyzed
4v4 RM · 1mo ago on Sep 4, 2026· 143m 18s· 8 players
Game mode
Random Map
Map size
Large (8 player)
Population
200
Speed
Normal
Resources
Standard
Victory
Conquest
Starting age
Dark Age
Ending age
Imperial Age
RankedLock teamsTeams togetherTeam positionsShared explorationLock speedFull tech treeHidden civsTurbo modeCheats
Victory
Defeat
854
+8
🇨🇦 Romans · Canada
817
+9
🇨🇱 Aztecs · Chile
794
+10
🇲🇽 Khmer · Mexico
761
+11
🇨🇴 Japanese · Colombia
685
-11
🇻🇪 Mongols · Venezuela
666
-10
🇻🇪 Shu · Venezuela
634
-9
🇺🇸 Bengalis · United States
627
-8
Crimson Gutt
1:20 Loom
16:35 Feudal Age
17:55 Wheelbarrow
17:19 Double-Bit Axe
17:52 Horse Collar
18:16 Gold Mining
18:39 Town Watch
21:13 Fletching
25:37 Castle Age
26:51 Hand Cart
27:01 Bow Saw
30:11 Bodkin Arrow
32:08 Scale Barding Armor
36:18 Imperial Age
34:43 Paiks
37:00 Chain Barding Armor
36:50 Padded Archer Armor
38:07 Caravan
38:58 Ballistics
38:36 Murder Holes
39:07 Bracer
39:24 Leather Archer Armor
40:14 Gold Shaft Mining
39:30 Stone Mining
40:52 Conscription
41:13 Elite Elephant Archer
75:30 Light Cavalry
113:54 Pikeman
116:40 Forging
120:35 Elite Skirmisher
MIG
15:35 Feudal Age
19:54 Castle Age
21:17 Wheelbarrow
21:37 Fervor
21:40 Double-Bit Axe
21:38 Horse Collar
24:51 Hand Cart
25:54 Stone Mining
25:56 Gold Mining
26:32 Bow Saw
28:27 Treadmill Crane
29:55 Town Watch
34:51 Imperial Age
34:24 Loom
34:41 Town Patrol
35:17 Forging
35:08 Scale Mail Armor
35:00 Fletching
35:47 Gold Shaft Mining
34:57 Onager
36:02 Conscription
36:03 Kataparuto
37:20 Two-Man Saw
35:59 Pikeman
36:25 Gambesons
36:41 Squires
36:26 Arson
38:57 Iron Casting
38:38 Chain Mail Armor
38:23 Bodkin Arrow
39:33 Chemistry
38:54 Ballistics
38:40 Siege Engineers
41:42 Blast Furnace
41:13 Plate Mail Armor
40:57 Masonry
40:53 Halberdier
47:21 Bracer
50:30 Scale Barding Armor
50:26 Padded Archer Armor
50:13 Arrowslits
50:19 Guard Tower
50:40 Fortified Wall
50:25 Murder Holes
49:55 Elite Samurai
50:37 Yasama
51:15 Hoardings
51:14 Coinage
50:45 Caravan
60:01 Keep
59:47 Leather Archer Armor
59:53 Chain Barding Armor
62:26 Banking
63:09 Ring Archer Armor
67:00 Man-at-Arms
69:07 Long Swordsman
75:23 Long Swordsman
76:39 Two-Handed Swordsman
78:41 Champion
99:08 Crossbowman
99:53 Thumb Ring
99:45 Arbalester
TheGems
9:16 Loom
11:21 Feudal Age
11:52 Double-Bit Axe
11:49 Horse Collar
12:49 Wheelbarrow
18:25 Gold Mining
18:30 Stone Mining
25:09 Castle Age
23:48 Forging
23:39 Scale Mail Armor
27:53 Hand Cart
32:16 Fortified Wall
33:55 Coiled Serpent Array
37:39 Imperial Age
36:26 Chain Mail Armor
37:38 Gold Shaft Mining
38:11 Bow Saw
39:09 Heavy Plow
38:38 Elite White Feather Guard
38:50 Capped Ram
41:44 Plate Mail Armor
40:41 Siege Ram
43:12 Chemistry
44:48 Onager
56:48 Squires
56:10 Pikeman
56:36 Arson
57:14 Halberdier
121:01 Heavy Hei Guang Cavalry
121:46 Husbandry
JabberWocky
0:34 Loom
10:54 Feudal Age
11:29 Double-Bit Axe
11:25 Horse Collar
12:24 Wheelbarrow
13:31 Gold Mining
13:31 Stone Mining
21:08 Castle Age
22:34 Heavy Plow
22:46 Bow Saw
23:31 Hand Cart
24:29 Stone Shaft Mining
24:30 Gold Shaft Mining
29:03 Fortified Wall
31:42 Ballistics
31:13 Fletching
31:24 Padded Archer Armor
34:23 Imperial Age
33:17 Bodkin Arrow
33:37 Leather Archer Armor
34:11 Nomads
35:49 Conscription
36:14 Hoardings
36:09 Parthian Tactics
36:06 Heavy Cavalry Archer
39:05 Chemistry
38:12 Siege Engineers
38:22 Bracer
43:33 Elite Mangudai
51:02 Guard Tower
51:22 Masonry
51:15 Murder Holes
59:59 Cavalier
60:39 Husbandry
60:50 Bloodlines
60:25 Light Cavalry
62:21 Hussar
64:45 Capped Ram
65:53 Siege Ram
86:14 Forging
86:04 Scale Mail Armor
86:10 Scale Barding Armor
87:42 Iron Casting
87:59 Chain Mail Armor
88:53 Chain Barding Armor
89:34 Blast Furnace
Khan
11:51 Feudal Age
12:27 Double-Bit Axe
16:59 Wheelbarrow
22:13 Castle Age
23:15 Town Watch
34:38 Hand Cart
38:45 Imperial Age
37:30 Ballistas
37:10 Horse Collar
38:40 Forging
42:19 Chemistry
40:56 Man-at-Arms
43:21 Heavy Scorpion
44:34 Ballistics
44:53 Iron Casting
43:58 Long Swordsman
58:42 Legionary
murphyrh
3:52 Loom
15:53 Feudal Age
16:54 Double-Bit Axe
17:04 Horse Collar
22:59 Castle Age
32:17 Husbandry
32:28 Bloodlines
32:39 Heavy Plow
34:05 Caravan
36:46 Wheelbarrow
35:57 Town Watch
37:46 Bow Saw
40:10 Imperial Age
39:35 Tusk Swords
40:04 Hand Cart
40:36 Fortified Wall
40:47 Ballistics
40:26 Stone Mining
40:27 Gold Mining
41:43 Stone Shaft Mining
41:44 Gold Shaft Mining
42:20 Chemistry
41:39 Siege Engineers
41:35 Heavy Scorpion
43:06 Double Crossbow
43:01 Cavalier
45:10 Elite Ballista Elephant
46:35 Crop Rotation
47:07 Conscription
48:17 Coinage
48:30 Scale Barding Armor
48:25 Scale Mail Armor
48:27 Padded Archer Armor
48:17 Fletching
49:44 Devotion
51:03 Banking
52:54 Town Patrol
52:18 Capped Ram
63:06 Siege Ram
64:17 Chain Barding Armor
64:13 Chain Mail Armor
64:13 Leather Archer Armor
63:54 Bodkin Arrow
64:09 Forging
81:41 Plate Barding Armor
81:36 Ring Archer Armor
81:07 Bracer
81:43 Iron Casting
打架少人舔包多两双手
7:06 Double-Bit Axe
12:57 Feudal Age
12:50 Horse Collar
13:04 Gold Mining
13:05 Stone Mining
13:29 Town Watch
14:23 Wheelbarrow
20:32 Castle Age
19:40 Bow Saw
20:11 Scale Barding Armor
20:12 Heavy Plow
23:20 Two-Man Saw
24:12 Stone Shaft Mining
24:12 Gold Shaft Mining
29:35 Chain Barding Armor
29:26 Forging
31:18 Husbandry
34:10 Imperial Age
31:58 Hand Cart
31:46 Town Patrol
33:43 Crop Rotation
33:52 Iron Casting
34:31 Fletching
34:41 Padded Archer Armor
34:42 Scale Mail Armor
35:15 Caravan
35:46 Coinage
35:27 Guilds
35:33 Burgundian Vineyards
36:02 Elite Skirmisher
37:12 Elite Coustillier
40:34 Blast Furnace
40:10 Plate Barding Armor
39:52 Leather Archer Armor
39:33 Bodkin Arrow
45:57 Pikeman
46:37 Squires
46:23 Arson
47:18 Halberdier
50:29 Chain Mail Armor
53:39 Plate Mail Armor
53:09 Bracer
53:17 Cavalier
53:19 Light Cavalry
53:28 Light Cavalry
54:35 Hussar
Nergal9964
9:05 Loom
13:51 Feudal Age
18:25 Castle Age
17:25 Double-Bit Axe
17:28 Horse Collar
18:27 Scale Mail Armor
18:39 Forging
18:37 Gold Mining
19:25 Wheelbarrow
21:17 Bow Saw
21:16 Caravan
23:31 Stone Mining
24:18 Gold Shaft Mining
25:33 Hand Cart
28:52 Padded Archer Armor
29:21 Treadmill Crane
30:04 Pikeman
30:45 Squires
30:06 Eagle Warrior
32:12 Ballistics
37:30 Imperial Age
36:04 Chain Mail Armor
36:25 Iron Casting
36:32 Fletching
36:59 Leather Archer Armor
37:41 Elite Eagle Warrior
38:52 Plate Mail Armor
39:23 Blast Furnace
38:20 Murder Holes
39:26 Chemistry
38:12 Arrowslits
38:21 Onager
38:40 Man-at-Arms
39:06 Gambesons
39:18 Bodkin Arrow
40:05 Siege Engineers
39:23 Long Swordsman
41:05 Garland Wars
40:46 Atlatl
41:07 Conscription
40:57 Two-Handed Swordsman
41:52 Champion
45:17 Elite Jaguar Warrior
45:53 Capped Ram
46:40 Siege Onager
49:12 Siege Ram
91:41 Heavy Plow
123:08 Fortified Wall
122:35 Crossbowman
122:36 Elite Skirmisher
126:21 Arbalester
Connection lost

Rejoining the realm…

Still unreachable

The connection could not be restored.

Session expired

The server has moved on; the page needs a fresh start.